 Dungeon Crawl Stone Soup version 0.28-a0-802-g09f76e8c00 (webtiles) character file.

Game seed: 5208906654748271149

14 lawman0 the Magician (level 2, 0/21 HPs)
             Began as a Djinni Hedge Wizard on Nov 6, 2021.
             Slain by a jackal (2 damage)
             ... on level 1 of the Dungeon.
             The game lasted 00:02:42 (810 turns).

lawman0 the Magician (Djinni Hedge Wizard)           Turns: 810, Time: 00:02:43

Health: 0/21       AC:  2    Str:  9    XL:     2   Next: 60%
Gold:   31         EV: 12    Int: 15    God:
                   SH:  0    Dex: 12

rFire   + + .      SeeInvis .   a - +0 dagger
rCold   x . .      Faith    .   (no shield)
rNeg    . . .      Spirit   .   b - +0 robe
rPois   ∞          Reflect  .   c - +0 hat
rElec   .          Harm     .   (no cloak)
rCorr   .          Rampage  .   (no gloves)
Will    .....                   (boots unavailable)
Stlth   ++........              (no amulet)
HPRegen 0.07/turn               (no ring)
MPRegen 0.00/turn               (no ring)

@: flying
A: sickness immunity, fire resistance 2, cold vulnerability 1, float, innate
caster, hp casting, extra vitality 1
a: no special abilities


You were on level 1 of the Dungeon.
You visited 1 branch of the dungeon, and saw 1 of its levels.

You collected 31 gold pieces.

Inventory:

Hand Weapons
 a - a +0 dagger (weapon)
Armour
 b - a +0 robe (worn)
 c - a +0 hat (worn)


   Skills:
 + Level 2.5 Dodging
 + Level 1.6 Stealth
 * Level 2.8 Spellcasting


You couldn't memorise any spells.
You knew the following spells:

 Your Spells              Type           Power      Damage    Failure   Level
a - Magic Dart            Conj           40%        1d5       6%          1
b - Blink                 Tloc           20%        N/A       10%         2
c - Call Imp              Summ           10%        N/A       10%         2
d - Slow                  Hex            40%        N/A       6%          1
e - Conjure Flame         Conj/Fire      10%        6-21      19%         3
f - Mephitic Cloud        Conj/Pois/Air  10%        N/A       19%         3
Your spell library was empty.

Dungeon Overview and Level Annotations

Branches:
Dungeon (1/15)

Altars:


Innate Abilities, Weirdness & Mutations

You are immune to sickness and miasma.
You are immune to poison.
Your flesh is very heat resistant. (rF++)
You are vulnerable to cold. (rC-)
You float through the air rather than walking.
You learn spells naturally, not from books.
Your magical power is your life essence.
You have superior vitality. (+4 HP)


Message History

The jackal closely misses you.
You swap places.
The jackal closely misses your crimson imp.
The jackal misses your crimson imp.
Your crimson imp blinks!
Your crimson imp hits the jackal.
The jackal barely misses you.
You see here 31 stones.
Your crimson imp misses the jackal.
Something bites your crimson imp but does no damage.
Something barely misses your crimson imp.
Your crimson imp blinks!
The jackal bites you.
* * * LOW HITPOINT WARNING * * *
Something misses your crimson imp.
Your crimson imp blinks!
The jackal bites you but does no damage.
The jackal misses you.
You aren't carrying any potions.
The jackal bites you.
* * * LOW HITPOINT WARNING * * *
You aren't carrying any scrolls.
You aren't carrying any scrolls.
The jackal bites you but does no damage.
The jackal bites you but does no damage.
There is an open door here.
You see here a jackal skeleton.
The jackal misses you.
The jackal bites you but does no damage.
The endoplasm jiggles.
The jackal bites you.
* * * LOW HITPOINT WARNING * * *
The jackal closely misses you. The jackal bites you.
* * * LOW HITPOINT WARNING * * *
The jackal barely misses you.
There is an open door here.
You see here a jackal skeleton.
The jackal barely misses you. The jackal bites you.
You die...

).##..#..5###
.....###....#
..#### #.##.#
..# #.##.##
..#
#..#h.####
###
##.......##
#######..#
##.## #@)#
##h# #.##
#J.# ###÷###
#.....#
#.....#
#.....#
#.###.#


You could see an endoplasm and a jackal.

Vanquished Creatures
  A giant cockroach (D:1)
  3 goblins (D:1)
  5 jackals (D:1)
  A kobold (D:1)
  A bat (D:1)
  2 rats (D:1)
13 creatures vanquished.

Notes
Turn   | Place    | Note
-------+----------+-------------------------------------------
     0 | D:1      | lawman0 the Djinni Hedge Wizard began the quest for the
                  | Orb.
     0 | D:1      | Reached XP level 1. HP: 15/15 MP: 0/0
   342 | D:1      | Reached XP level 2. HP: 18/21 MP: 0/0
   810 | D:1      | Slain by a jackal

Illustrated notes

Levels and vault maps discovered:
D:1:      nicolae_arrival_memento_mori, layout_rooms, minmay_pentomino_s2

Action                   || total
-------------------------++-------
Melee: Dagger            ||    30
 Cast: Magic Dart        ||    27
       Call Imp          ||     4
  Use: Potion            ||     2
Armor: Robe              ||    16
       Skin              ||    25
Dodge: Dodged            ||    38

Table legend: (Time is in decaauts)
 A = Elapsed time spent in this place.
 B = Non-inter-level travel time spent in this place.
 C = Inter-level travel time spent in this place.
 D = Time resting spent in this place.
 E = Time spent auto-exploring this place.
 F = Levels seen in this place.
 G = Mean time per level.
                   A        B        C        D        E       F      G
               +--------+--------+--------+--------+--------+-----+--------+
         Total |    810 |    810 |      0 |    435 |    200 |   1 |  810.0 |
       Dungeon |    810 |    810 |      0 |    435 |    200 |   1 |  810.0 |
               +--------+--------+--------+--------+--------+-----+--------+

Top non-repeatable levels by time:
     D:1: 810 daAuts
